 Dungeon Crawl Stone Soup version 0.21-a0-321-g91e3373 (webtiles) character file.

60 namelastname112 the Scratcher (level 3, 0/16 HPs)
             Began as a Felid Wanderer on Sept 30, 2017.
             Slain by a kobold
             ... wielding a +0 dagger
              (1 damage)
             ... on level 2 of the Dungeon.
             The game lasted 00:02:46 (1381 turns).

namelastname112 the Scratcher (Felid Wanderer)      Turns: 1381, Time: 00:02:47

Health: 0/16       AC:  1    Str: 12    XL:     3   Next: 80%
Magic:  5/5        EV: 17    Int: 14    God:
Gold:   81         SH:  0    Dex: 16    Spells: 4/4 levels left
                                        Lives:  0   Deaths: 0

rFire    . . .     SeeInvis +     - Unarmed
rCold    . . .     Gourm    .   (shield unavailable)
rNeg     . . .     Faith    .   (armour unavailable)
rPois    .         Spirit   .   (helmet unavailable)
rElec    .         Reflect  .   (cloak unavailable)
rCorr    .         Harm     .   (gloves unavailable)
MR       .....                  (boots unavailable)
Stlth    ++........             (no amulet)
HPRegen  0.05/turn              (no ring)
MPRegen  0.09/turn              (no ring)

@: mighty, quick
A: no armour, no weapons or thrown items, stealth, claws 1, fangs 3, see
invisible, carnivore 3, speed 1, mutation resistance 1, shaggy fur 1, slow
metabolism 1, wild magic 1, no potion heal 1, sharp paws
a: no special abilities


You were on level 2 of the Dungeon.
You were completely stuffed.

You visited 1 branch of the dungeon, and saw 2 of its levels.

You collected 81 gold pieces.

Inventory:

Wands
 c - a wand of random effects (15/48)
Scrolls
 a - 3 scrolls of fear
 e - a scroll of random uselessness {unknown}
 h - a scroll of identify {unknown}
 j - a scroll of remove curse {unknown}
 k - a scroll of teleportation {unknown}
Potions
 b - 2 potions of lignification
Comestibles
 d - a meat ration
 i - a royal jelly


   Skills:
 + Level 2.6 Fighting
 + Level 2.1 Dodging
 + Level 1.7 Stealth
 * Level 3.6 Unarmed Combat
 - Level 1.0 Spellcasting
   Level 1.5 Hexes
   Level 1.0 Air Magic
 + Level 2.3 Evocations


You had 4 spell levels left.
You didn't know any spells.

Dungeon Overview and Level Annotations

Branches:
Dungeon (2/15)

Altars:
Ashenzari


Innate Abilities, Weirdness & Mutations

You cannot wear armour.
You are incapable of wielding weapons or throwing items.
Your paws allow you to move quietly. (Stealth)
You have sharp claws.
You have razor-sharp teeth.
You have supernaturally acute eyesight. (SInv)
You are carnivorous and can eat meat at any time.
You cover ground quickly.
You are covered in fur. (AC +1)
You have a slow metabolism.
Your sharp claws are effective at attacking unaware monsters.
You are somewhat resistant to further mutation.
Your spells are a little harder to cast, but a little more powerful.
Potions are less effective at restoring your health.


Message History

It was a potion of mutation.
You feel extremely strange.
You feel less in control of your magic.
Your system partially rejects the healing effects of potions.
You feel genetically stable. The adder closely misses you.
It was a potion of might.
You feel very mighty all of a sudden. The adder misses you.
You closely miss the adder.
The adder is heavily wounded.
The adder misses you. The adder completely misses you.
You miss the adder.
The adder is heavily wounded.
The adder completely misses you.
You claw the adder!
You kill the adder!
Your Dodging skill increases to level 2!
You closely miss the kobold. You closely miss the kobold.
The kobold hits you with a dagger.
You die...

♣...♣♣..♣
♣♣♣[...♣♣ ♣♣♣♣
♣♣.♣♣♣ ♣♣..$♣♣
♣♣♣.♣ ♣..$..♣
♣..♣♣
♣?....♣♣♣ ♣.♣♣
♣......♣ ♣.♣♣
♣♣♣. ♣.♣.♣♣K♣♣
♣♣.♣♣♣♣.... ♣
♣@♣♣ ♣♣.....♣♣
♣♣.♣♣♣
♣♣♣♣...♣
♣♣..♣♣♣
♣♣...♣♣
♣♣♣..♣♣♣
♣..†...
♣♣♣..♣♣♣..♣♣♣♣
♣♣♣....♣♣
♣♣♣♣♣♣


You could see a kobold.

Vanquished Creatures
  2 adders (D:2)
  A gnoll (D:1)
  4 dart slugs
  A leopard gecko (D:2)
  A giant cockroach (D:1)
  2 goblins (D:1)
  A hobgoblin (D:1)
  4 kobolds (D:1)
  A quokka (D:2)
  A ball python (D:2)
  A bat (D:1)
  5 frilled lizards (D:1)
  3 rats
27 creatures vanquished.

Notes
Turn   | Place    | Note
-------+----------+-------------------------------------------
     0 | D:1      | namelastname112 the Felid Wanderer began the quest for the Orb.
     0 | D:1      | namelastname112 set off with: 2 scrolls of fear, a potion of lignification, a wand of random effects (15/48), a meat ration
     0 | D:1      | Reached XP level 1. HP: 9/9 MP: 3/3
   443 | D:1      | Reached skill level 1 in Dodging
   443 | D:1      | Reached XP level 2. HP: 13/13 MP: 4/4
   813 | D:1      | Reached skill level 1 in Stealth
   813 | D:1      | Reached XP level 3. HP: 13/16 MP: 5/5
  1174 | D:2      | Found a shattered altar of Ashenzari.
  1375 | D:2      | Gained mutation: Your spells are a little harder to cast, but a little more powerful. [potion of mutation]
  1375 | D:2      | Gained mutation: Potions are less effective at restoring your health. [potion of mutation]
  1375 | D:2      | Gained mutation: You are somewhat resistant to further mutation. [potion of mutation]
  1381 | D:2      | Slain by a kobold

Vault maps used:
D:1:      ncdulo_watergridlock, st_stairs_3
D:2:      kb_forest_paths, chequers_ecumenical_altar_simple_redux,
          evilmike_ruin_ashenzari

Skill      XL: |  1  2  3 |
---------------+----------+-----
Dodging        | 1 2 |  2.1
Stealth        | 1 |  1.7
Fighting       | |  2.6
Unarmed Combat | |  3.6
Spellcasting   | |  1.0
Hexes          | |  1.5
Air Magic      | |  1.0
Evocations     | |  2.3

Action                   || total
-------------------------++-------
Melee: Unarmed           ||    87
       Bite              ||     7
       Punch             ||     1
  Use: Potion            ||     2
 Stab: Sleeping          ||     5
  Eat: Chunk             ||     8
Armor: Skin              ||     3
Dodge: Dodged            ||    53

Table legend:
 A = Spawn XP
 B = Non-spawn XP
 C = Spawn XP percentage of total XP
 D = Spawn monster count
 E = Non-spawn monster count
 F = Spawn count percentage of total count
 G = Total turns spent on level
                    A         B        C        D         E        F      G
               +---------+---------+-------+---------+---------+-------+---------
         Total |       0 |      86 |   0.0 |       0 |      27 |   0.0 |  1381
               +---------+---------+-------+---------+---------+-------+---------
           D:1 |       0 |      43 |   0.0 |       0 |      19 |   0.0 |   995
           D:2 |       0 |      43 |   0.0 |       0 |       8 |   0.0 |   386
               +---------+---------+-------+---------+---------+-------+---------
